Map: Dusk Towers

Players

Seppe

  • Race: Terran Terran
  • League: Platinum

A.I. 1 (Elite) - Winner!

  • Race: Protoss Protoss

VOD

Have the link to the VOD?

Description

Time

  • Played on: Nov. 19, 2015, 7:10 p.m.
  • Length: 4:05
Show
View Real Time Build Order
Export as new Build Order

Seppe Terran 

Build Orders: Reaper Expand 

Get SALT Encoding   

  12  0:01  SCV  
  13  0:13  SCV  
  14  0:18  Supply Depot  
  14  0:25  SCV  
  14  0:28  Refinery  
  15  0:40  SCV  
  16  0:45  Barracks  
  16  0:52  SCV  
  17  1:04  Supply Depot, SCV  
  18  1:16  SCV  
  19  1:32  Orbital Command  
  19  1:33  Reaper  
  20  1:54  Command Center  
  20  1:58  SCV  
  21  2:05  Reaper  
  22  2:09  Refinery  
  22  2:11  SCV  
  23  2:17  Factory  
  23  2:23  SCV  
  24  2:35  SCV  
  25  2:44  Barracks Reactor  
  25  2:46  Supply Depot  
  25  2:47  SCV  
  26  3:01  Widow Mine  
  26  3:02  Starport  
  26  3:03  SCV  
  29  3:06  Orbital Command  
  29  3:12  Engineering Bay  
  29  3:16  SCV  
  30  3:28  SCV  
  30  3:29  Barracks Tech Lab  
  31  3:36  SCV  
  31  3:38  Hellion  
  31  3:39  Hellion  
  31  3:40  SCV  
  37  3:48  Factory  
  37  3:55  Supply Depot  
  37  3:57  Barracks Reactor  
Show
View Real Time Build Order
Export as new Build Order

A.I. 1 (Elite) Protoss - Winner!

Build Orders: 1 Gate Expand 

Get SALT Encoding   

  12  0:01  Probe (Chrono Boost)  
  13  0:11  Probe (Chrono Boost)  
  14  0:19  Pylon  
  14  0:22  Probe (Chrono Boost)  
  15  0:38  Probe (Chrono Boost)  
  16  0:48  Probe (Chrono Boost)  
  16  0:49  Assimilator  
  17  0:51  Gateway  
  17  0:59  Probe (Chrono Boost)  
  17  1:00  Pylon  
  18  1:09  Probe (Chrono Boost)  
  19  1:20  Probe (Chrono Boost)  
  20  1:30  Probe (Chrono Boost)  
  21  1:39  Nexus  
  21  1:41  Probe (Chrono Boost)  
  21  1:43  Zealot  
  24  1:53  Probe (Chrono Boost)  
  25  2:00  Cybernetics Core  
  25  2:11  Gateway  
  25  2:20  Zealot, Pylon  
  27  2:26  Probe (Chrono Boost)  
  29  2:38  Probe (Chrono Boost), Assimilator  
  29  2:45  Adept  
  29  2:49  Probe (Chrono Boost)  
  32  2:55  Probe (Chrono Boost)  
  32  2:57  Adept  
  35  3:04  Pylon  
  36  3:06  Probe (Chrono Boost)  
  36  3:10  Adept  
  38  3:21  Stalker, Probe (Chrono Boost)  
  38  3:24  Probe (Chrono Boost)  
  42  3:32  Probe (Chrono Boost)  
  43  3:36  Probe (Chrono Boost)  
  43  3:39  Robotics Facility  
  44  3:44  Probe (Chrono Boost)  
  44  3:48  Probe (Chrono Boost)  
Tags
 
Add a new tag
Caveats
  • Supply blocks, unpowered buildings, or Contaminate may cause inaccurate times.
  • Supply counts are checked every 10 seconds.